 Dungeon Crawl Stone Soup version 0.28.0-1-gb440e238dd (webtiles) character file.

Game seed: 13681422411553063598

185620 benadryl the Agent of Entropy (level 18, -4/122 HPs)
             Began as a Gargoyle Abyssal Knight on Feb 20, 2022.
             Was a Priest of Lugonu.
             Slain by a wolf spider (7 damage)
             ... on level 2 of the Lair of Beasts.
             The game lasted 01:49:25 (55719 turns).

benadryl the Agent of Entropy (GrAK)               Turns: 55719, Time: 01:49:26

Health: -4/122     AC: 34    Str: 24    XL:     18   Next: 3%
Magic:  30/30      EV:  6    Int: 12    God:    Lugonu [***...]
Gold:   1337       SH: 13    Dex: 10    Spells: 17/17 levels left

rFire   + . .      SeeInvis .   a - +4 broad axe (vorpal)
rCold   + . .      Faith    +   C - +1 kite shield
rNeg    + . .      Spirit   .   O - +2 gold dragon scales
rPois   ∞          Reflect  .   (no helmet)
rElec   +          Harm     .   Q - scarf {repulsion}
rCorr   .          Rampage  .   S - +2 pair of gloves
Will    ++...                   N - +2 pair of boots {Fly}
Stlth   ..........              u - amulet of faith
HPRegen 0.30/turn               w - ring of willpower
MPRegen 0.22/turn               r - +4 ring of evasion

@: flying, studying Invocations, repel missiles
A: sickness immunity, AC +13, big wings, negative energy resistance 1,
electricity resistance, torment resistance 1, petrification resistance
}: 1/15 runes: barnacled
a: Renounce Religion, Depart the Abyss, Bend Space, Banish


You were on level 2 of the Lair of Beasts.
You worshipped Lugonu.
Lugonu was most pleased with you.
You visited 5 branches of the dungeon, and saw 28 of its levels.
You visited the Abyss 1 time.
You also visited: Gauntlet.

You collected 2804 gold pieces.
You spent 1467 gold pieces at shops.

Inventory:

Hand Weapons
 a - a +4 vorpal broad axe (weapon)
 b - a +2 hunting sling of electrocution
Missiles
 f - 703 stones (quivered)
 E - 3 throwing nets
 F - 9 javelins
 L - 16 silver javelins
Armour
 C - a +1 kite shield (worn)
 N - a +2 pair of boots of flying (worn)
 O - +2 gold dragon scales (worn)
 Q - a scarf of repulsion (worn)
 S - a +2 pair of gloves (worn)
Jewellery
 r - a +4 ring of evasion (right hand)
 u - an amulet of faith (around neck)
 w - a ring of willpower (left hand)
 x - a ring of see invisible
Wands
 i - a wand of iceblast (8)
 z - a wand of paralysis (14)
 G - a wand of digging (3)
 H - a wand of flame (9)
 J - a wand of acid (10)
 K - a wand of charming (7)
 X - a wand of mindburst (8)
Scrolls
 e - a scroll of summoning
 g - 4 scrolls of identify {@r1}
 j - 2 scrolls of immolation
 k - 3 scrolls of teleportation
 m - a scroll of noise
 v - 6 scrolls of amnesia
 P - a scroll of silence
 T - a scroll of fear
 U - 2 scrolls of fog
 Z - a scroll of vulnerability
Potions
 h - 6 potions of lignification
 l - 5 potions of flight
 n - 2 potions of magic
 q - 2 potions of brilliance
 t - 10 potions of ambrosia
 A - 4 potions of mutation
 B - 4 potions of degeneration
 I - a potion of attraction
 R - a potion of haste
 Y - a potion of resistance
Miscellaneous
 c - a phantom mirror
 V - a piece from Xom's chessboard (15/15)


   Skills:
 + Level 16.4 Fighting
 + Level 15.1 Axes
 - Level 12.2 Throwing
 - Level 2.1 Armour
 - Level 0.7 Dodging
 + Level 13.9 Shields
 * Level 16.5 Invocations


You had 17 spell levels left.
You didn't know any spells.
Your spell library contained the following spells:

 Spells                   Type           Power      Damage    Failure   Level
 Sandblast                Erth           0%         2d4       100%        1
 Shock                    Conj/Air       0%         1d3       100%        1
 Corpse Rot               Necr/Air       0%         N/A       100%        2
 Passwall                 Tmut/Erth      0%         N/A       100%        2
 Poisonous Vapours        Pois/Air       0%         N/A       100%        2
 Scorch                   Fire           0%         2d5       100%        2
 Call Canine Familiar     Summ           0%         N/A       100%        3
 Dazzling Flash           Conj/Hex       0%         N/A       100%        3
 Gell's Gravitas          Tloc           0%         N/A       100%        3
 Lesser Beckoning         Tloc           0%         N/A       100%        3
 Portal Projectile        Hex/Tloc       0%         N/A       100%        3
 Spider Form              Tmut/Pois      0%         N/A       100%        3
 Stone Arrow              Conj/Erth      0%         3d7       100%        3
 Summon Guardian Golem    Hex/Summ       0%         N/A       100%        3
 Swiftness                Air            0%         N/A       100%        3
 Teleport Other           Tloc           0%         N/A       100%        3
 Airstrike                Air            0%         N/A       100%        4
 Dispel Undead            Necr           0%         3d6       100%        4
 Flame Wave               Conj/Fire      0%         2d4       100%        4
 Fulminant Prism          Conj/Hex       0%         3d6       100%        4
 Iskenderun's Mystic Bla  Conj/Tloc      0%         2d3       100%        4
 Leda's Liquefaction      Hex/Erth       0%         N/A       100%        4
 Passage of Golubria      Tloc           0%         N/A       100%        4
 Petrify                  Tmut/Erth      0%         N/A       100%        4
 Summon Ice Beast         Ice/Summ       0%         N/A       100%        4
 Summon Lightning Spire   Summ/Air       0%         N/A       100%        4
 Lee's Rapid Deconstruct  Erth           0%         3d5*      100%        5
 Lightning Bolt           Conj/Air       0%         1d11      100%        5
 Metabolic Englaciation   Hex/Ice        0%         N/A       100%        5
 Death Channel            Necr           0%         N/A       100%        6
 Dispersal                Tloc           0%         N/A       100%        6
 Starburst                Conj/Fire      0%         6d3       100%        6
 Summon Cactus Giant      Summ           0%         N/A       100%        6
 Malign Gateway           Summ/Tloc      0%         N/A       100%        7
 Orb of Destruction       Conj           0%         9d5       100%        7
 Spellforged Servitor     Conj/Summ      0%         N/A       100%        7
 Chain Lightning          Conj/Air       0%         N/A       100%        9
 Statue Form              Tmut/Erth      Unusable   N/A       N/A         6

Dungeon Overview and Level Annotations

Branches:
Dungeon (15/15)            Temple (0/1) D:6            Lair (6/6) D:8
 Shoals (4/4) Lair:3       Spider (1/4) Lair:2        Slime (0/5) Lair:5
    Orc (2/2) D:12            Elf (0/3) Orc:2        Vaults (0/5) D:14
Gauntlet (visited)
 Depths: D:15

Altars:
Cheibriados
Elyvilon
Gozag
Hepliaklqana
Kikubaaqudgha
Nemelex Xobeh
Okawaru
Ru
Sif Muna
Uskayaw
Vehumet
Wu Jian
Beogh
Jiyva

Shops:
D:10 [   D:12 [(   D:13 ?   Orc:2 **=[

Portals:
Pandemonium: Orc:2
Trove: D:13 (give 8 potions of haste)

Annotations:
D:3 1 transporter, Kazon's ghost, amateur VSFi
D:14 Roxanne; Rupert
Lair:6 corrupted
Shoals:4 corrupted, Ilsuiw
Spider:1 corrupted
Orc:2 corrupted
Abyss:1 Frances; Mlioglotl


Innate Abilities, Weirdness & Mutations

You are immune to sickness and miasma.
Your stone body is resilient. (AC +13)
You are immune to poison.
Your large and strong wings let you fly.
You resist negative energy. (rN+)
You are resistant to electric shocks. (rElec)
You are resistant to unholy torment.
You are immune to petrification.


Message History

You slash the wolf spider! You barely miss the wolf spider.
The wolf spider hits you but does no damage.
The wolf spider bites you.
The wolf spider hits you but does no damage.
You block the wolf spider's attack. x2; The wolf spider bites you.
The wolf spider hits you but does no damage.
The wolf spider bites you but does no damage.
You hit the wolf spider.
The wolf spider is severely wounded.
You completely miss the wolf spider. You closely miss the wolf spider.
The wolf spider hits you!
* * * LOW HITPOINT WARNING * * *
The wolf spider bites you but does no damage.
The wolf spider hits you.
* * * LOW HITPOINT WARNING * * *
The wolf spider bites you but does no damage.
The wolf spider hits you but does no damage.
The wolf spider barely misses you. You block the wolf spider's attack.
The wolf spider bites you but does no damage.
You slash the wolf spider!
You kill the wolf spider!
Lugonu accepts your kill.
You slash the wolf spider! x2; The wolf spider hits you.
* * * LOW HITPOINT WARNING * * *
You block the wolf spider's attack. The wolf spider hits you!
* * * LOW HITPOINT WARNING * * *
The wolf spider barely misses you.
The wolf spider hits you but does no damage.
The wolf spider bites you!
* * * LOW HITPOINT WARNING * * *
The wolf spider hits you but does no damage.
The wolf spider bites you but does no damage.
Okay, then.
You closely miss the wolf spider.
The wolf spider is severely wounded.
You hit the wolf spider but do no damage.
The wolf spider hits you!
* * * LOW HITPOINT WARNING * * *
You block the wolf spider's attack. The wolf spider hits you!
You die...

### #########.#
#.........#
####[###....##
###.##.#.##...##
#.##.......#...#
##.#..###..#..#####
##..#s[.#..#.#...####
##.##.@s#..#........###
###..#...#..#..........#
##.#..###..#...........#
##.#...#...#........>#..
##.#######...........##
##.####P...........##.
######............###
##............#P
#...........##.


You could see 2 wolf spiders.

Vanquished Creatures
  Jorgrun (D:14)
  3 merfolk impalers
  A merfolk javelineer (Shoals:3)
  A fire dragon (Lair:6)
  A great orb of eyes (D:14)
  8 hydras
  A boulder beetle (D:12)
  2 ogre magi
  3 merfolk avatars
  A catoblepas (Lair:5)
  9 centaur warriors
  5 merfolk aquamancers
  9 two-headed ogres
  2 satyrs
  7 death yaks
  An orc high priest (Orc:1)
  A death drake (shapeshifter) (D:14)
  A skeletal warrior (D:15)
  9 sea snakes
  A deep troll (D:10)
  2 lindwurms (Lair:6)
  A deep elf archer (D:10)
  A phantasmal warrior (D:14)
  2 orc knights
  A deep elf pyromancer (D:10)
  An orc sorcerer (Orc:2)
  11 harpies
  7 ugly things
  5 wolf spiders
  2 oklob plants
  17 fauns
  14 manticores
  8 merfolk sirens
  3 cyclopes
  A centaur zombie (D:10)
  5 water nymphs
  A rust devil (Orc:2)
  5 black mambas
  Maurice (D:9)
  12 cane toads
  5 gargoyles
  6 torpor snails
  2 unseen horrors
  A minotaur zombie (Gauntlet)
  3 kobold demonologists
  11 komodo dragons
  5 rime drakes
  2 yaktaurs
  2 tengu conjurers (D:14)
  A demonic crawler (Lair:2)
  An ice devil (Orc:2)
  7 meliai
  3 polar bears
  3 trolls
  7 hornets (Lair:6)
  A queen bee (D:9)
  17 merfolk
  9 wind drakes
  20 dream sheep
  2 tarantellas
  9 blink frogs
  A tyrant leech (Lair:6)
  Prince Ribbit (D:5)
  9 slime creatures
  5 snapping turtles
  A meliai zombie (D:11)
  A culicivora (Lair:2)
  2 shadows
  2 vampires
  6 wyverns
  5 wraiths
  2 water elementals
  39 yaks
  2 steam dragons
  4 vampire mosquitoes
  Menkaure (D:5)
  7 basilisks
  10 redbacks
  3 wargs (Orc:1)
  Duvessa (D:5)
  13 water moccasins
  2 sky beasts (D:7)
  4 black bears
  21 orc warriors
  An ice beast (D:6)
  A hornet zombie (D:9)
  A necrophage (D:6)
  12 ogres
  16 wolves
  22 centaurs
  2 phantoms (D:5)
  6 kobold brigands
  12 bullfrogs
  A gnoll sergeant (D:9)
  5 scorpions
  2 water moccasin zombies (D:5)
  2 wyvern skeletons
  Dowan (D:5)
  53 killer bees
  9 wights
  2 howler monkeys
  3 hounds
  A jelly (D:6)
  2 bullfrog skeletons
  11 orc priests
  Jessica (D:2)
  A gnoll shaman (D:6)
  13 orc wizards
  Ijyb (D:3)
  3 iguanas
  A killer bee zombie (D:7)
  4 howler monkey zombies
  20 gnolls
  2 howler monkey skeletons
  8 adders
  A shadow imp (D:6)
  A white imp (D:6)
  An adder zombie (D:5)
  A worm (D:4)
  2 dart slugs
  44 orcs
  9 endoplasms
  6 giant cockroaches
  7 goblins
  3 hobgoblins
  4 jackals (D:1)
  30 kobolds
  3 quokkas
  4 ball pythons
  4 bats
  4 frilled lizards
  5 rats
  A tentacle (Shoals:1)
775 creatures vanquished.

Vanquished Creatures (others)
  A minotaur (Gauntlet)
  2 merfolk impalers (Shoals:4)
  3 demonspawn (Orc:2)
  2 hydras (Lair:6)
  2 catoblepae
  3 satyrs (Shoals:4)
  7 orc high priests (Orc:2)
  A sun demon (Orc:2)
  A deep elf pyromancer (D:15)
  4 orc knights (Orc:2)
  4 orc sorcerers (Orc:2)
  A faun (Shoals:4)
  A manticore (Shoals:4)
  A merfolk siren (Shoals:4)
  5 elephants (Lair:6)
  A molten gargoyle (Gauntlet)
  A gargoyle (Gauntlet)
  A cane toad (Lair:6)
  An ice devil (Orc:2)
  A merfolk (Shoals:4)
  A troll (Orc:2)
  2 raiju (Gauntlet)
  11 orc warriors (Orc:2)
  A sky beast (D:8)
  8 orc priests (Orc:2)
  A lightning spire (Gauntlet)
  10 orcs (Orc:2)
  4 bushes
  58 fungi
  274 plants
  29 starspawn tentacles
  26 tentacles (Shoals:1)
468 creatures vanquished.

Grand Total: 1243 creatures vanquished

Notes
Turn   | Place    | Note
-------+----------+-------------------------------------------
     0 | Abyss:1  | benadryl the Gargoyle Abyssal Knight began the quest for
                  | the Orb.
     0 | Abyss:1  | Reached XP level 1. HP: 14/14 MP: 2/2
     0 | D:1      | Escaped the Abyss
   338 | D:1      | Reached * piety under Lugonu
   344 | D:1      | Reached XP level 2. HP: 17/19 MP: 3/3
   686 | D:1      | Reached XP level 3. HP: 23/23 MP: 4/4
   825 | D:1      | Reached skill level 1 in Throwing
   834 | D:1      | Found a faded altar of an unknown god.
  1194 | D:2      | Identified the +7 hand axe of the Thing {vorpal, rF++ rN+
                  | Dex+2}
  1303 | D:2      | Reached XP level 4. HP: 29/29 MP: 5/5
  1352 | D:2      | You are sucked into a shaft and drop 1 floor!
  1359 | D:3      | Noticed a kobold brigand
  1460 | D:2      | Reached ** piety under Lugonu
  1507 | D:2      | Noticed Jessica
  1509 | D:2      | Killed Jessica
  1510 | D:2      | Reached XP level 5. HP: 33/33 MP: 6/6
  1895 | D:3      | Noticed Kazon's ghost (amateur VSFi)
  2089 | D:3      | Killed a kobold brigand
  2090 | D:3      | Reached XP level 6. HP: 39/39 MP: 7/7
  2096 | D:3      | Reached skill level 1 in Shields
  2153 | D:3      | Noticed Ijyb
  2185 | D:3      | Killed Ijyb
  2482 | D:3      | Found a transporter.
  3175 | D:4      | Found a sacrificial altar of Ru.
  3342 | D:5      | Entered Level 5 of the Dungeon
  3342 | D:5      | Noticed Menkaure
  3347 | D:5      | Killed Menkaure
  3348 | D:5      | Reached XP level 7. HP: 36/44 MP: 9/9
  3439 | D:5      | Noticed Duvessa
  3449 | D:5      | Noticed Dowan
  3450 | D:5      | Killed Duvessa
  3451 | D:5      | Reached skill level 5 in Fighting
  3457 | D:5      | Killed Dowan
  3553 | D:5      | Reached XP level 8. HP: 39/49 MP: 10/10
  4331 | D:5      | Reached skill level 5 in Throwing
  4336 | D:5      | Reached *** piety under Lugonu
  4629 | D:5      | Found a hazy altar of Hepliaklqana.
  4790 | D:5      | Noticed Prince Ribbit
  4800 | D:5      | Killed Prince Ribbit
  5771 | D:6      | Reached XP level 9. HP: 55/55 MP: 12/12
  5857 | D:6      | Reached skill level 5 in Invocations
  6201 | D:6      | Reached skill level 5 in Axes
  6347 | D:6      | Found an opulent altar of Gozag.
  6393 | D:6      | Found a white marble altar of Elyvilon.
  6480 | D:6      | Found a staircase to the Ecumenical Temple.
  7496 | D:7      | Found a hide-covered altar of Uskayaw.
  7865 | D:7      | Reached **** piety under Lugonu
  8343 | D:8      | Noticed an efreet
  8343 | D:8      | Noticed a two-headed ogre
  8366 | D:8      | Got Vuimoil's Almanac of Lightness and Calling
  8463 | D:8      | Banished a two-headed ogre
  8464 | D:8      | Reached XP level 10. HP: 21/63 MP: 10/15
  9130 | D:8      | Found an ancient bone altar of Kikubaaqudgha.
  9225 | D:8      | Noticed a white ugly thing
  9231 | D:8      | Banished a white ugly thing
  9793 | D:8      | Noticed a gargoyle
 10832 | D:7      | Reached XP level 11. HP: 26/69 MP: 18/18
 11115 | D:8      | Found a staircase to the Lair.
 11135 | D:8      | Reached skill level 10 in Invocations
 12097 | Lair:1   | Entered Level 1 of the Lair of Beasts
 12311 | Lair:1   | Identified the +3 shortbow of the Absolute Madman {freeze,
                  | rF+ Int+3}
 12986 | Lair:1   | Noticed a seven-headed hydra
 12993 | Lair:1   | Killed a seven-headed hydra
 13112 | Lair:1   | Reached ***** piety under Lugonu
 13441 | Lair:1   | Identified the +4 halberd "Eraninis" {vorpal, rN+ Str+5
                  | Dex+3}
 13890 | Lair:1   | Reached XP level 12. HP: 39/77 MP: 20/20
 14468 | Lair:2   | Reached skill level 10 in Fighting
 14815 | Lair:2   | Reached skill level 10 in Throwing
 15102 | Lair:2   | Found a hole to the Spider Nest.
 15545 | Lair:2   | Noticed a five-headed hydra
 15556 | Lair:2   | Killed a five-headed hydra
 16511 | Lair:3   | Found a sparkling altar of Nemelex Xobeh.
 16551 | Lair:3   | Noticed a seven-headed hydra
 16557 | Lair:3   | Killed a seven-headed hydra
 16860 | Lair:3   | Found a staircase to the Shoals.
 17323 | Lair:3   | Noticed a five-headed hydra
 17333 | Lair:3   | Killed a five-headed hydra
 17560 | Lair:3   | Reached XP level 13. HP: 60/84 MP: 22/22
 19525 | Lair:5   | Reached skill level 10 in Axes
 19913 | Lair:5   | Found an iron altar of Okawaru.
 22290 | Lair:5   | Found a viscous altar of Jiyva.
 22290 | Lair:5   | Found a staircase to the Slime Pits.
 24557 | Lair:6   | Entered Level 6 of the Lair of Beasts
 25098 | Lair:5   | Gained mutation: Your large and strong wings let you fly.
                  | [Gargoyle growth]
 25098 | Lair:5   | Reached XP level 14. HP: 77/92 MP: 23/23
 25951 | Lair:6   | Corrupted Lair:6
 25951 | Lair:6   | Noticed a starcursed mass
 25951 | Lair:6   | Noticed a starcursed mass
 25951 | Lair:6   | Noticed a starcursed mass
 25951 | Lair:6   | Noticed a tentacled starspawn
 25951 | Lair:6   | Noticed a starcursed mass
 25951 | Lair:6   | Noticed a tentacled starspawn
 25951 | Lair:6   | Noticed a starcursed mass
 25951 | Lair:6   | Noticed an ancient lich
 25951 | Lair:6   | Noticed a bone dragon
 25954 | Lair:6   | Noticed an ironbound thunderhulk
 25954 | Lair:6   | Noticed a purple very ugly thing
 25954 | Lair:6   | Noticed a purple very ugly thing
 26559 | Lair:6   | Found a runed translucent door.
 28246 | D:9      | Noticed Maurice
 28256 | D:9      | Killed Maurice
 28258 | D:9      | Reached XP level 15. HP: 90/99 MP: 25/25
 28612 | D:9      | Found an ornate altar of the Wu Jian Council.
 28647 | D:9      | Found an iron altar of Okawaru.
 28869 | D:10     | Entered Level 10 of the Dungeon
 29146 | D:9      | Found a shimmering blue altar of Sif Muna.
 30033 | D:10     | Identified the amulet "Feilij" {rF+ Regen+ Dex+2}
 30509 | D:9      | Reached skill level 5 in Shields
 31023 | D:10     | Found Ragnar's Dragon-Slaying Spoils.
 31031 | D:10     | Bought +1 gold dragon scales for 1131 gold pieces
 31905 | D:10     | Noticed a frost giant
 32465 | D:10     | Banished a frost giant
 34791 | D:12     | Found Oskyf's Armour Shop.
 34807 | D:12     | Found a staircase to the Orcish Mines.
 34811 | D:12     | Found Urual's Weapon Shop.
 34915 | D:12     | Reached XP level 16. HP: 78/106 MP: 26/26
 35716 | Orc:1    | Entered Level 1 of the Orcish Mines
 36875 | Orc:2    | Entered Level 2 of the Orcish Mines
 36881 | Orc:2    | Found a staircase to the Elven Halls.
 37180 | Orc:2    | Found Ilid's General Store.
 37181 | Orc:2    | Found Buamauho's General Store.
 37182 | Orc:2    | Corrupted Orc:2
 37182 | Orc:2    | Noticed an Executioner
 37182 | Orc:2    | Noticed a tentacled starspawn
 37182 | Orc:2    | Noticed a Hell Sentinel
 37184 | Orc:2    | Noticed a tentacled starspawn
 37185 | Orc:2    | Noticed a lich
 37188 | Orc:2    | Noticed a tentacled starspawn
 37438 | Orc:2    | Bought 5 javelins for 64 gold pieces
 37538 | Orc:2    | Found Jyrchesch's Antique Armour Emporium.
 37539 | Orc:2    | Found Xaxuq's Jewellery Shoppe.
 37540 | Orc:2    | Found a one-way gate leading to the halls of Pandemonium.
 39080 | D:13     | Found a gate leading to a gauntlet.
 39143 | Gauntlet | Entered a Gauntlet
 39143 | Gauntlet | Found a transporter.
 39143 | Gauntlet | Found a transporter.
 39143 | Gauntlet | Found a transporter.
 39149 | Gauntlet | Found a transporter.
 39150 | Gauntlet | Found a transporter.
 39153 | Gauntlet | Found a transporter.
 39200 | Gauntlet | Found a transporter.
 39201 | Gauntlet | Found a transporter.
 39202 | Gauntlet | Found a transporter.
 39204 | Gauntlet | Found a transporter.
 39211 | Gauntlet | Found a transporter.
 39212 | Gauntlet | Found a transporter.
 39329 | Gauntlet | Corrupted Gauntlet
 39329 | Gauntlet | Noticed a bone dragon
 39392 | Gauntlet | Noticed a tentacled starspawn
 39566 | Gauntlet | Identified the +10 great sword of the Shouting Dove {drain,
                  | Fragile rC+ Dex+3}
 39571 | Gauntlet | Got the Disquisition on Spatial Transformation
 39951 | D:13     | Found Cezeh's Magic Scroll Shop.
 39960 | D:13     | Bought a scroll of teleportation for 48 gold pieces
 39960 | D:13     | Bought a scroll of teleportation for 48 gold pieces
 39960 | D:13     | Bought a scroll of magic mapping for 56 gold pieces
 39960 | D:13     | Bought a scroll of enchant weapon for 120 gold pieces
 40138 | D:13     | Found a portal to a secret trove of treasure.
 40359 | D:14     | Noticed Roxanne
 40370 | D:14     | Found a radiant altar of Vehumet.
 40392 | D:14     | Reached skill level 10 in Shields
 41213 | D:14     | Found a gate to the Vaults.
 41716 | D:14     | Found a snail-covered altar of Cheibriados.
 41730 | D:14     | Reached skill level 15 in Fighting
 42654 | D:15     | Entered Level 15 of the Dungeon
 42848 | D:15     | Noticed Jorgrun
 43604 | D:14     | Killed Jorgrun
 43951 | D:15     | Found a sacrificial altar of Ru.
 43985 | D:15     | Noticed Rupert
 44442 | Spider:1 | Entered Level 1 of the Spider Nest
 45305 | Shoals:1 | Entered Level 1 of the Shoals
 45316 | Lair:3   | Reached XP level 17. HP: 112/113 MP: 27/27
 45952 | Shoals:1 | Noticed Frances
 45953 | Shoals:1 | Banished Frances
 45965 | Shoals:1 | Noticed Mlioglotl
 46144 | Shoals:1 | Noticed a lich
 46148 | Shoals:1 | Banished Mlioglotl
 46717 | Shoals:1 | Noticed a kraken
 48656 | Shoals:2 | Identified a scroll of acquirement
 48656 | Shoals:2 | Acquired a manual of Invocations
 50201 | Shoals:3 | HP: 5/115 [alligator snapping turtle (32)]
 50751 | Shoals:3 | Reached skill level 15 in Invocations
 51507 | Shoals:4 | Entered Level 4 of the Shoals
 51523 | Shoals:4 | Corrupted Shoals:4
 51523 | Shoals:4 | Noticed a bone dragon
 51523 | Shoals:4 | Noticed a tentacled starspawn
 51523 | Shoals:4 | Noticed a tentacled starspawn
 51524 | Shoals:4 | Noticed a lich
 52445 | Shoals:4 | Got a barnacled rune of Zot
 53713 | Shoals:4 | Identified the +8 lajatang "Huesiz" {spect, Str+2}
 53769 | Shoals:4 | Reached skill level 15 in Axes
 54626 | Shoals:4 | Noticed Ilsuiw
 55039 | Spider:1 | Corrupted Spider:1
 55382 | Lair:2   | Reached XP level 18. HP: 91/122 MP: 30/30
 55719 | Lair:2   | HP: 3/122 [wolf spider (9)]
 55719 | Lair:2   | Slain by a wolf spider

Illustrated notes

Levels and vault maps discovered:
D:1:      moated_graveyard_arrival, layout_loops_ring,
          shapermc_ecumenical_altar_pompeii, chequers_serial_rivers_micro_c,
          kennysheep_boxes
D:2:      layout_basic, uniq_jessica
D:3:      cheibrodos_thug_alley, layout_basic, gammafunk_ghost_stat_death,
          kennysheep_generic_room_16, uniq_ijyb
D:4:      layout_basic, nicolae_ru_the_path_less_chosen, minmay_misc_feat_roman
D:5:      layout_loops_corners, mainiacjoe_overflow_catwalk, st_stairs_6,
          uniq_menkaure, uniq_prince_ribbit1, uniq_duvessa
D:6:      layout_cave_pods, grunt_gozag_statues,
          nicolae_elyvilon_peaceful_grove, minmay_temple_entry_slanted
D:7:      layout_gridville, nicolae_uskayaw_murder_on_the_dancefloor,
          chequers_mini_garden
D:8:      minmay_opposing_rooms, layout_loops_corners,
          mainiacjoe_overflow_paths, minmay_lair_entry_grove, serial_glass,
          glass_columns_a, glass_columns_a, glass_columns_c, glass_columns_c,
          glass_columns_a, glass_columns_a, glass_columns_a, glass_columns_a,
          chequers_jeans
D:9:      layout_roguey [special_room_bee],
          mainiacjoe_overflow_concentric_impassable, led_sif_pool,
          old_standard_altar, grunt_potential, uniq_maurice
D:10:     layout_small_grid, nicolae_shop_dragon_depot, nicolae_rejected_hall
D:11:     layout_basic
D:12:     layout_cave_pods, orc_david_3, minmay_fractal_squares_gapless_5
D:13:     layout_cave_pools, trove_entry_hex_spiral, serial_shops, shop,
          gauntlet_entry_generic
D:14:     layout_irregular_city, skrybe_vaults_entry_preservation,
          vehumet_crystals, cheibriados_altar_1, uniq_roxanne
D:15:     gammafunk_depths_entry_grave, layout_rooms, old_standard_altar,
          corner_web_ring, hellmonk_bongcloud_opening, zin_statuary,
          uniq_jorgrun, uniq_rupert
Lair:1:   layout_gridlike
Lair:2:   layout_roguey, hellmonk_spider_entry_not_the_bees
Lair:3:   layout_regular_city, minmay_shoals_entry_lonely_mermaid,
          portal_ice_cave_entry_pillars_1, basic_altar, grunt_megastairs_4,
          infiniplex_staircase_pool, lemuel_fruit_tree
Lair:4:   layout_long_grid, chequers_serial_rivers_micro_c
Lair:5:   layout_cave_pods, slime_altar_1, lemuel_oklob_altar
Lair:6:   wormcave, layout_regular_city, chequers_serial_rivers_micro_c,
          grunt_megastairs_1
Shoals:1: layout_shoals, uniq_frances, uniq_mlioglotl
Shoals:2: layout_shoals
Shoals:3: layout_shoals, nicolae_shoals_aquamancer_cove
Shoals:4: shoals_end_grunt_garden, layout_shoals, shoals_ilsuiw_alternative
Spider:1: layout_spider_delve, nicolae_spider_undead_wolf_pack
Orc:1:    layout_diamond_mine, lemuel_statue_altar
Orc:2:    pf_orc_diabolical, layout_caves, mines5_lemuel

Skill      XL: |  1  2  3  4  5  6  7  8  9 10 11 12 13 14 15 16 17 |
---------------+----------------------------------------------------+-----
Axes           | 2 3 4 6 8 9 11 12 13 14 15 | 15.1
Throwing       | 1 2 3 4 5 6 7 9 10 11 12 | 12.2
Fighting       | 4 5 6 7 8 9 10 12 13 14 15 16 | 16.4
Shields        | 2 4 7 11 13 | 13.9
Invocations    | 3 4 7 9 11 12 13 16 | 16.5
Armour         | |  2.1
Dodging        | |  0.7

Action                   |  1- 3 |  4- 6 |  7- 9 | 10-12 | 13-15 | 16-18 || total
-------------------------+-------+-------+-------+-------+-------+-------++-------
Melee: Hand axe          |    38 |    12 |   116 |   453 |   286 |       ||   905
       Unarmed           |       |       |     9 |       |       |       ||     9
       War axe           |       |       |       |       |   507 |       ||   507
       Broad axe         |       |       |       |       |   143 |  1151 ||  1294
 Fire: Hunting sling     |    69 |   125 |   226 |   253 |    73 |    35 ||   781
Throw: Javelin           |       |       |       |     4 |     8 |     2 ||    14
       Stone             |       |       |       |    14 |    66 |   102 ||   182
Invok: Depart the Abyss  |     1 |       |       |       |       |       ||     1
       Banish            |       |       |     3 |     2 |    26 |    25 ||    56
       Corrupt           |       |       |       |       |     1 |     4 ||     5
       Bend Space        |       |       |       |       |     1 |     1 ||     2
Evoke: Wand              |       |       |       |    19 |     7 |    49 ||    75
       Piece from Xom's  |       |       |       |       |       |     4 ||     4
  Use: Scroll            |     4 |     6 |    10 |     7 |    19 |    12 ||    58
       Potion            |       |       |     1 |     4 |     6 |     4 ||    15
 Stab: Invisible         |       |       |       |     6 |     8 |       ||    14
       Paralysed         |       |       |       |       |     3 |       ||     3
Armor: Leather armour    |    19 |     2 |       |       |       |       ||    21
       Scale mail        |       |    14 |    76 |       |       |       ||    90
       Skin              |       |       |     1 |       |       |       ||     1
       Plate armour      |       |       |    41 |   317 |   502 |       ||   860
       Chain mail        |       |       |    15 |       |       |       ||    15
       Gold dragon scale |       |       |       |       |   198 |  1083 ||  1281
Dodge: Dodged            |    43 |    23 |   167 |   270 |   377 |   367 ||  1247
       Repelled          |       |       |       |       |       |     4 ||     4
Block: Buckler           |       |     7 |    61 |   161 |   197 |       ||   426
       Kite shield       |       |       |       |       |   171 |   996 ||  1167
